 Dungeon Crawl Stone Soup version 0.30-a0-1053-gbd8d5ba0ad (webtiles) character file.

Game seed: 10655014841408962958

2 cforsyth the Caller (level 1, 0/11 HPs)
             Began as an Octopode Summoner on Apr 12, 2023.
             Slain by a jackal (3 damage)
             ... on level 1 of the Dungeon.
             The game lasted 00:01:02 (120 turns).

cforsyth the Caller (Octopode Summoner)              Turns: 120, Time: 00:01:02

Health: 0/11       AC:  1    Str:  7    XL:     1   Next: 40%
Magic:  0/3        EV: 13    Int: 17    God:
Gold:   52         SH:  0    Dex: 12    Spells: 3/4 levels left

rFire   . . .      SeeInvis .    (no weapon)
rCold   . . .      Faith    .    (no shield)
rNeg    . . .      Spirit   .    (helmet restricted)
rPois   .          Reflect  .    (no amulet)
rElec   .          Rampage  .    (no ring)
rCorr   .                        (no ring)
Will    .....                    (no ring)
Stlth   +++                      (no ring)
HPRegen 0.21/turn                (no ring)
MPRegen 0.08/turn                (no ring)
                                 (no ring)
                                 (no ring)

@: no status effects
A: almost no armour, amphibious, 8 rings, camouflage 1, gelatinous body 1,
(nimble swimmer 1), tentacles
a: no special abilities


You were on level 1 of the Dungeon.
You visited 1 branch of the dungeon, and saw 1 of its levels.

You collected 52 gold pieces.

Inventory:

Scrolls
 b - a scroll of identify {unknown}
Potions
 a - a potion of magic


   Skills:
 - Level 2.0 Dodging
 - Level 2.6 Stealth
 + Level 2.1 Spellcasting
 + Level 4.0 Summonings


You had 3 spell levels left.
You knew the following spells:

 Your Spells              Type           Power      Damage    Failure   Level
a - Summon Small Mammal   Summ           60%        N/A       3%          1

Your spell library contained the following spells:

 Spells                   Type           Power      Damage    Failure   Level
 Call Imp                 Summ           30%        N/A       5%          2
 Call Canine Familiar     Summ           15%        N/A       11%         3
 Summon Guardian Golem    Hex/Summ       8%         N/A       26%         3
 Summon Lightning Spire   Summ/Air       8%         N/A       63%         4


Dungeon Overview and Level Annotations

Branches:
Dungeon (1/15)

Altars:


Innate Abilities, Weirdness & Mutations

You cannot wear most types of armour.
You are amphibious.
You can wear up to eight rings at the same time.
Your skin changes colour to match your surroundings (Stealth+).
Your rubbery body absorbs attacks. (AC +1, EV +1)
((You are camouflaged when in or above water. (Stealth+)))
You have tentacles for arms and can constrict up to eight enemies at once.


Message History

Confirm with . or Enter, or press ? or * to list all spells.
The jackal bites you.
* * * LOW HITPOINT WARNING * * *
The jackal barely misses you.
Your quokka bites the jackal.
The jackal bites your quokka but does no damage.
The jackal closely misses you.
Your bat misses the jackal.
Your quokka completely misses the jackal.
The jackal closely misses your quokka. x2
Your quokka barely misses the jackal.
Casting: Summon Small Mammal (safe; 3% risk of failure)
Confirm with . or Enter, or press ? or * to list all spells.
Your quokka disappears in a puff of smoke!
The jackal barely misses your bat. The jackal closely misses you.
Your bat hits the jackal but does no damage.
Your bat closely misses the jackal. x2; The jackal barely misses you.
The jackal barely misses your bat.
Unknown command.
Unknown command.
Unknown command.
You swap places.
Your bat hits the jackal but does no damage.
The jackal closely misses your quokka.
Your quokka completely misses the jackal.
You see here a purple potion.
Unknown command.
Unknown command.
You swap places.
Your bat hits the jackal but does no damage.
The jackal bites your bat.
Your bat hits the jackal but does no damage.
Your quokka barely misses the jackal.
The jackal completely misses your bat.
Unknown command.
Unknown command.
Your bat hits the jackal but does no damage.
Your quokka barely misses the jackal.
The jackal misses your bat. The jackal attacks as you move away!
The jackal misses you.
Your bat hits the jackal but does no damage.
The jackal bites you.
You die...

.##.[....########.....
.##......##..........
.##......##......#.##
.++......''.........
.##......##..)...#.#
.##......##..rhb.#
...########....rh#
##.#.....#######h#
##...###..######@#
........................
###...##..#######.#######
#.....#....####...####..
#.....##.....#..~..#....
#.....##8..~..(.~....~..
#.....###...~..~~~..~...
#.....##.....~~~~~~~....
#.....#....~~~~...~~~~..


You could see 3 jackals, a friendly quokka (summoned) and a friendly bat
(summoned).

Vanquished Creatures
  A rat (D:1)
1 creature vanquished.

Vanquished Creatures (collateral kills)
  A hobgoblin (D:1)
  A kobold (D:1)
2 creatures vanquished.

Grand Total: 3 creatures vanquished

Notes
Turn   | Place    | Note
-------+----------+-------------------------------------------
     0 | D:1      | cforsyth the Octopode Summoner began the quest for the Orb.
     0 | D:1      | Reached XP level 1. HP: 11/11 MP: 3/3
   120 | D:1      | Slain by a jackal

Illustrated notes

Levels and vault maps discovered:
D:1:      eino_arrival_water_star, layout_basic, minmay_misc_feat_secret_circle

Action                     || total
---------------------------++-------
  Melee: Unarmed           ||     5
         Constrict         ||     1
         Tentacles         ||     1
   Cast: Summon Small Mamm ||     7
   Stab: Sleeping          ||     1
  Dodge: Dodged            ||    16

Table legend: (Time is in decaauts)
 A = Elapsed time spent in this place.
 B = Non-inter-level travel time spent in this place.
 C = Inter-level travel time spent in this place.
 D = Time resting spent in this place.
 E = Time spent auto-exploring this place.
 F = Levels seen in this place.
 G = Mean time per level.
                   A        B        C        D        E       F      G
               +--------+--------+--------+--------+--------+-----+--------+
         Total |    120 |    120 |      0 |      0 |     79 |   1 |  120.0 |
       Dungeon |    120 |    120 |      0 |      0 |     79 |   1 |  120.0 |
               +--------+--------+--------+--------+--------+-----+--------+

Top non-repeatable levels by time:
     D:1: 120 daAuts
